 Dungeon Crawl Stone Soup version 0.26-a0-649-gf8c6c3aab7 (webtiles) character file.

Game seed: 13855575654351112762

12008 flotson the Fighter (level 11, 0/95 HPs)
             Began as a Gnoll Wanderer on Sept 26, 2020.
             Was a High Priest of Fedhas.
             Slain by a yak (10 damage)
             ... on level 2 of the Lair of Beasts.
             The game lasted 00:20:08 (13903 turns).

flotson the Fighter (Gnoll Wanderer)               Turns: 13903, Time: 00:20:08

Health: 0/95       AC: 14    Str: 21    XL:     11   Next: 86%
Magic:  18/21      EV: 14    Int: 14    God:    Fedhas [*****.]
Gold:   187        SH:  8    Dex: 17    Spells: 23/23 levels left

rFire    . . .     SeeInvis .   a - +1 broad axe (vorpal)
rCold    . . .     Faith    .   J - +2 buckler
rNeg     + . .     Spirit   .   C - +1 scale mail {rPois}
rPois    +         Reflect  .   B - +0 helmet
rElec    .         Harm     .   I - +2 ratskin cloak {*Rats rPois rN+ Str-1 Int-1 Dex+1}
rCorr    .         Rampage  .   i - +0 pair of gloves
MR       .....                  (no boots)
Stlth    ++........             (no amulet)
HPRegen  0.25/turn              L - +4 ring of slaying
MPRegen  0.17/turn              H - +6 ring of strength

@: slowed, very slow
A: distributed training, fangs 1, strong nose
a: Wall of Briars, Grow Ballistomycete, Overgrow, Grow Oklob, Renounce Religion


You were on level 2 of the Lair of Beasts.
You worshipped Fedhas.
Fedhas was extremely pleased with you.
You visited 2 branches of the dungeon, and saw 12 of its levels.

You collected 763 gold pieces.
You spent 576 gold pieces at shops.

Inventory:

Hand Weapons
 a - a +1 vorpal broad axe (weapon)
 b - the +5 flail of the Onslaught {antimagic, rF+ SInv}
   (You found it on level 6 of the Dungeon)

   It reduces the magical energy of the wielder, and disrupts the spells and
   magical abilities of those hit.
   Natural abilities and divine invocations are not affected.
   It protects you from fire.
   It lets you see invisible.
 c - a +1 war axe of flaming
Missiles
 d - 7 javelins
 A - 12 poisoned darts (quivered)
 D - a throwing net
 Q - 3 curare-tipped darts
Armour
 i - a +0 pair of gloves (worn)
 B - a +0 helmet (worn)
 C - a +1 scale mail of poison resistance (worn)
 I - the +2 ratskin cloak (worn) {*Rats rPois rN+ Str-1 Int-1 Dex+1}
   (You found it on level 8 of the Dungeon)

   It affects your strength (-1).
   It affects your intelligence (-1).
   It affects your dexterity (+1).
   It protects you from poison.
   It protects you from negative energy.
 J - a +2 buckler (worn)
Jewellery
 r - an uncursed ring of wizardry
 v - an uncursed ring of protection from fire
 w - an uncursed ring of magical power
 y - an uncursed ring of resist corrosion
 H - a +6 ring of strength (right hand)
 L - a +4 ring of slaying (left hand)
 P - the ring "Xoschoah" {+Inv rElec Str-3 SInv}
   (You found it on level 1 of the Lair of Beasts)

   [ring of see invisible]

   It affects your strength (-3).
   It insulates you from electricity.
   It lets you see invisible.
   It lets you turn invisible.
Wands
 q - a wand of iceblast (7)
 E - a wand of paralysis (8)
 F - a wand of polymorph (12)
 N - a wand of random effects (3)
Scrolls
 f - 4 scrolls of remove curse
 h - 4 scrolls of fog {unknown}
 k - 6 scrolls of teleportation
 m - 2 scrolls of magic mapping {unknown}
 o - 2 scrolls of blinking {unknown}
 p - 3 scrolls of enchant weapon {unknown}
 s - 2 scrolls of enchant armour {unknown}
 u - 3 scrolls of amnesia {unknown}
 x - 3 scrolls of noise {unknown}
 z - 2 scrolls of immolation {unknown}
 M - a scroll of identify
Potions
 e - a potion of mutation
 g - 3 potions of flight
 j - 8 potions of curing
 l - 2 potions of berserk rage
 n - 3 potions of cancellation
 t - 3 potions of resistance
 G - a potion of ambrosia
 K - 4 potions of lignification
 O - 2 potions of invisibility {unknown}


   Skills:
 + Level 12.1 Fighting
 + Level 6.7 Short Blades
 + Level 6.7 Long Blades
 + Level 8.2 Axes
 + Level 6.7 Maces & Flails
 + Level 6.7 Polearms
 + Level 6.7 Staves
 + Level 6.7 Slings
 + Level 6.7 Bows
 + Level 6.7 Crossbows
 + Level 8.2 Throwing
 + Level 7.2 Armour
 + Level 6.7 Dodging
 + Level 6.7 Stealth
 + Level 6.7 Shields
 + Level 6.7 Unarmed Combat
 + Level 6.7 Spellcasting
 + Level 5.5 Conjurations
 + Level 5.5 Hexes
 + Level 5.5 Summonings
 + Level 5.5 Necromancy
 + Level 5.5 Translocations
 + Level 5.5 Transmutations
 + Level 5.5 Fire Magic
 + Level 5.5 Ice Magic
 + Level 5.5 Air Magic
 + Level 5.5 Earth Magic
 + Level 5.5 Poison Magic
 + Level 7.3 Invocations
 + Level 6.7 Evocations


You had 23 spell levels left.
You didn't know any spells.
Your spell library contained the following spells:

 Spells                   Type           Power        Failure   Level
 Animate Skeleton         Necr           ###...       3%          1
 Beastly Appendage        Tmut           ###...       3%          1
 Freeze                   Ice            ###.         3%          1
 Pain                     Necr           ###.         3%          1
 Wereblood                Tmut           ###.....     5%          2
 Frozen Ramparts          Ice            ###...       11%         3
 Ozocubu's Armour         Ice            ###.....     11%         3
 Spider Form              Tmut/Pois      ###.......   11%         3
 Vampiric Draining        Necr           ###.......   11%         3
 Animate Dead             Necr           ###.......   36%         4
 Hailstorm                Conj/Ice       ###.....     36%         4
 Ice Form                 Ice/Tmut       ###.....     36%         4
 Summon Ice Beast         Ice/Summ       ###.....     36%         4
 Agony                    Necr           ###.....     71%         5
 Blade Hands              Tmut           ###.......   71%         5


Dungeon Overview and Level Annotations

Branches:
Dungeon (10/15)            Temple (0/1) D:7            Lair (2/6) D:10
  Swamp: Lair:2-4    Shoals: Lair:2-4     Snake: Lair:2-4    Spider: Lair:2-4
    Orc: D:9-12

Altars:
Ashenzari
Dithmenos
Fedhas
Gozag
Kikubaaqudgha
Nemelex Xobeh
Okawaru
Qazlal
Ru
Xom

Shops:
D:6 *[   D:7 *   D:9 ?   D:10 ?

Annotations:
D:10 exclusion: obsidian statue


Innate Abilities, Weirdness & Mutations

Your experience applies equally to all skills.
You have very sharp teeth.
Your uncanny sense of smell can sniff out nearby items.


Message History

The yak gores you.
* * * LOW HITPOINT WARNING * * *
The yak misses you. The yak gores you.
* * * LOW HITPOINT WARNING * * *
The yak barely misses you. The torpor snail bites you.
* * * LOW HITPOINT WARNING * * *
You block the yak's attack.
You block the yak's attack. x2; The yak closely misses you.
You see here a yak corpse.
The yak barely misses you.
A briar patch grows up from the ground. x3
The yak gores you but does no damage. The yak gores you.
* * * LOW HITPOINT WARNING * * *
The yak gores your briar patch but does no damage.
You block the yak's attack. The torpor snail bites you.
* * * LOW HITPOINT WARNING * * *
You walk carefully through the plants.
The yak gores you but does no damage. The yak misses you. The yak gores you!
You die...
Fedhas appreciates your contribution to the ecosystem.

## ######.######
#####P#...#...#.####P..
......................
.....................#
........YYPY........###
........Yw@...........#
..##.#.##P##P.........##
## #####..........##
#...........#
##...#...#...# #
#P.####......### ..##..#
#.##.8.+.# ....###
#.#...##..
.....#.####........


You could see a torpor snail and 4 yaks.

Vanquished Creatures
  Pikel (D:6)
  A centaur zombie (D:10)
  Psyche (D:8)
  A cane toad (Lair:1)
  A troll (D:9)
  Prince Ribbit (D:8)
  Sigmund (D:3)
  A hippogriff (D:7)
  A vampire (D:9)
  3 wraiths
  6 yaks
  Grum (D:8)
  A steam dragon (D:10)
  Menkaure (D:6)
  3 water moccasins
  5 porcupines
  3 black bears
  A sky beast (D:7)
  A necrophage (D:10)
  4 ogres
  7 wolves
  4 crocodiles
  4 lemures (D:6)
  2 centaurs
  3 bullfrogs
  2 elf zombies (D:8)
  A wyvern zombie (D:8)
  4 scorpions
  53 killer bees
  8 wights
  A howler monkey (D:10)
  4 hounds
  A lava snake (D:7)
  2 bullfrog skeletons
  2 human zombies (D:8)
  A jelly (D:7)
  7 orc priests
  A gnoll shaman (D:10)
  5 orc wizards
  Jessica (D:3)
  A centaur skeleton (D:4)
  2 iguanas
  3 hell rats (D:8)
  4 worker ants
  An ogre zombie (D:8)
  2 hound skeletons
  2 mummies (D:8)
  11 adders
  5 gnolls (D:10)
  4 river rats
  3 white imps
  3 ufetubi
  An ooze (D:4)
  2 adder skeletons
  4 worms
  3 dart slugs
  3 leopard geckos
  18 orcs
  3 giant cockroaches
  4 goblins
  4 hobgoblins
  5 jackals
  10 kobolds
  5 quokkas
  5 bats
  2 frilled lizards
  2 jackal skeletons
  A jackal zombie (D:5)
  A leopard gecko skeleton (D:7)
  An orc zombie (D:8)
  A quokka skeleton (D:4)
  21 rats
288 creatures vanquished.

Vanquished Creatures (collateral kills)
  A two-headed ogre (D:10)
  A cane toad (Lair:2)
  A vampire (D:8)
  A scorpion (D:10)
  A killer bee (Lair:1)
  A jelly (D:10)
6 creatures vanquished.

Vanquished Creatures (others)
  An orc warrior (D:7)
  A scorpion (D:7)
  An orc (D:7)
  2 jackals (D:10)
  A quokka (D:7)
  59 fungi
  49 plants
114 creatures vanquished.

Grand Total: 408 creatures vanquished

Notes
Turn   | Place    | Note
-------+----------+-------------------------------------------
     0 | D:1      | Reached skill level 10 in Fighting
     0 | D:1      | flotson the Gnoll Wanderer began the quest for the Orb.
     0 | D:1      | flotson set off with the following items: a +2 hand axe, a
                  | +0 mace, a potion of lignification, a +0 robe
     0 | D:1      | Reached XP level 1. HP: 28/28 MP: 1/1
   243 | D:1      | Reached XP level 2. HP: 36/36 MP: 2/2
   413 | D:1      | Found a sparkling altar of Nemelex Xobeh.
   797 | D:1      | Reached XP level 3. HP: 26/42 MP: 2/4
   999 | D:2      | Reached skill level 1 in Invocations
  1094 | D:2      | Reached skill level 1 in Short Blades
  1094 | D:2      | Reached skill level 1 in Long Blades
  1094 | D:2      | Reached skill level 1 in Maces & Flails
  1094 | D:2      | Reached skill level 1 in Polearms
  1094 | D:2      | Reached skill level 1 in Staves
  1094 | D:2      | Reached skill level 1 in Slings
  1094 | D:2      | Reached skill level 1 in Bows
  1094 | D:2      | Reached skill level 1 in Crossbows
  1094 | D:2      | Reached skill level 1 in Dodging
  1094 | D:2      | Reached skill level 1 in Stealth
  1094 | D:2      | Reached skill level 1 in Shields
  1094 | D:2      | Reached skill level 1 in Unarmed Combat
  1094 | D:2      | Reached skill level 1 in Spellcasting
  1094 | D:2      | Reached skill level 1 in Evocations
  1122 | D:2      | Reached XP level 4. HP: 32/48 MP: 5/5
  1792 | D:3      | Reached skill level 1 in Conjurations
  1792 | D:3      | Reached skill level 1 in Hexes
  1792 | D:3      | Reached skill level 1 in Summonings
  1792 | D:3      | Reached skill level 1 in Necromancy
  1792 | D:3      | Reached skill level 1 in Translocations
  1792 | D:3      | Reached skill level 1 in Transmutations
  1792 | D:3      | Reached skill level 1 in Fire Magic
  1792 | D:3      | Reached skill level 1 in Ice Magic
  1792 | D:3      | Reached skill level 1 in Air Magic
  1792 | D:3      | Reached skill level 1 in Earth Magic
  1792 | D:3      | Reached skill level 1 in Poison Magic
  1938 | D:3      | Noticed Jessica
  1954 | D:3      | Killed Jessica
  1954 | D:3      | Reached XP level 5. HP: 37/54 MP: 5/7
  2233 | D:3      | Found a shadowy altar of Dithmenos.
  2340 | D:3      | Noticed Sigmund
  2350 | D:3      | Killed Sigmund
  2350 | D:3      | Reached skill level 5 in Axes
  2350 | D:3      | Reached skill level 5 in Throwing
  2350 | D:3      | Reached XP level 6. HP: 31/61 MP: 7/9
  3216 | D:4      | Reached XP level 7. HP: 67/67 MP: 10/10
  3681 | D:4      | Found a stormy altar of Qazlal.
  3752 | D:5      | Entered Level 5 of the Dungeon
  3885 | D:5      | Found a blossoming altar of Fedhas.
  3888 | D:5      | Became a worshipper of Fedhas Madash
  4849 | D:6      | Noticed Menkaure
  4853 | D:6      | Killed Menkaure
  4853 | D:6      | Reached XP level 8. HP: 65/74 MP: 12/12
  5264 | D:6      | Found Piadail's Armour Emporium.
  5268 | D:6      | Bought a +0 cloak for 54 gold pieces
  5268 | D:6      | Bought a +1 scale mail of poison resistance for 156 gold
                  | pieces
  5299 | D:6      | Found an opulent altar of Gozag.
  5362 | D:6      | Noticed Pikel
  5414 | D:6      | Found a sacrificial altar of Ru.
  5426 | D:6      | Killed Pikel
  5426 | D:6      | Reached skill level 11 in Fighting
  5426 | D:6      | Reached XP level 9. HP: 60/81 MP: 12/14
  5569 | D:6      | Reached * piety under Fedhas
  5605 | D:6      | Got a shimmering flail
  5606 | D:6      | Identified the +5 flail of the Onslaught {antimagic, rF+
                  | SInv} (You found it on level 6 of the Dungeon)
  5892 | D:6      | Found Gozag's Platinum Reserve.
  6568 | D:7      | Found Xennaur's Assorted Antiques.
  6613 | D:7      | Bought a scroll labeled KIOGAOSIEX for 27 gold pieces
  6666 | D:7      | Found a broken altar of Ashenzari.
  6683 | D:7      | Reached skill level 5 in Armour
  6714 | D:7      | Found a staircase to the Ecumenical Temple.
  6854 | D:7      | Found a shimmering altar of Xom.
  7521 | D:8      | Found an iron altar of Okawaru.
  7647 | D:8      | Found the +2 ratskin cloak {*Rats rPois rN+ Str-1 Int-1
                  | Dex+1}
  7656 | D:8      | Reached skill level 5 in Invocations
  7657 | D:8      | Reached ** piety under Fedhas
  8288 | D:8      | Reached XP level 10. HP: 85/88 MP: 5/17
  8486 | D:8      | Reached skill level 5 in Short Blades
  8486 | D:8      | Reached skill level 5 in Long Blades
  8486 | D:8      | Reached skill level 5 in Maces & Flails
  8486 | D:8      | Reached skill level 5 in Polearms
  8486 | D:8      | Reached skill level 5 in Staves
  8486 | D:8      | Reached skill level 5 in Slings
  8486 | D:8      | Reached skill level 5 in Bows
  8486 | D:8      | Reached skill level 5 in Crossbows
  8486 | D:8      | Reached skill level 5 in Dodging
  8486 | D:8      | Reached skill level 5 in Stealth
  8486 | D:8      | Reached skill level 5 in Shields
  8486 | D:8      | Reached skill level 5 in Unarmed Combat
  8486 | D:8      | Reached skill level 5 in Spellcasting
  8486 | D:8      | Reached skill level 5 in Evocations
  8553 | D:8      | Found an ancient bone altar of Kikubaaqudgha.
  8970 | D:8      | Noticed Prince Ribbit
  8975 | D:8      | Killed Prince Ribbit
  9039 | D:8      | Noticed Grum
  9055 | D:8      | Killed Grum
  9142 | D:8      | Noticed Psyche
  9152 | D:8      | Killed Psyche
  9152 | D:8      | Reached *** piety under Fedhas
  9224 | D:9      | Found a sparkling altar of Nemelex Xobeh.
  9640 | D:7      | Bought a glowing broad axe for 189 gold pieces
  9843 | D:9      | Found Sistrohav's Magic Scroll Shoppe.
  9850 | D:9      | Bought a scroll of identify for 30 gold pieces
  9850 | D:9      | Bought a scroll of identify for 30 gold pieces
 10382 | D:10     | Entered Level 10 of the Dungeon
 10401 | D:10     | Noticed a two-headed ogre
 10593 | D:10     | Found Etoit's Magic Scroll Shoppe.
 10615 | D:10     | Reached XP level 11. HP: 69/95 MP: 19/19
 10732 | D:10     | Found a staircase to the Lair.
 10871 | D:10     | Bought a scroll of teleportation for 45 gold pieces
 10871 | D:10     | Bought a scroll of identify for 30 gold pieces
 10871 | D:10     | Bought a scroll of random uselessness for 15 gold pieces
 10896 | D:10     | Reached **** piety under Fedhas
 10911 | D:10     | Reached skill level 5 in Conjurations
 10911 | D:10     | Reached skill level 5 in Hexes
 10911 | D:10     | Reached skill level 5 in Summonings
 10911 | D:10     | Reached skill level 5 in Necromancy
 10911 | D:10     | Reached skill level 5 in Translocations
 10911 | D:10     | Reached skill level 5 in Transmutations
 10911 | D:10     | Reached skill level 5 in Fire Magic
 10911 | D:10     | Reached skill level 5 in Ice Magic
 10911 | D:10     | Reached skill level 5 in Air Magic
 10911 | D:10     | Reached skill level 5 in Earth Magic
 10911 | D:10     | Reached skill level 5 in Poison Magic
 11056 | D:10     | Noticed an obsidian statue
 11099 | D:10     | Killed a two-headed ogre
 11701 | Lair:1   | Entered Level 1 of the Lair of Beasts
 12236 | Lair:1   | Reached skill level 12 in Fighting
 12328 | Lair:1   | Reached ***** piety under Fedhas
 13109 | Lair:1   | Got a vibrating wooden ring
 13111 | Lair:1   | Identified the ring "Xoschoah" {+Inv rElec Str-3 SInv} (You
                  | found it on level 1 of the Lair of Beasts)
 13903 | Lair:2   | Slain by a yak

Illustrated notes

Levels and vault maps discovered:
D:1:      matt_arrival_diagonals, layout_loops_ring, minivault_4,
          nemelex_diamond_rough_becter
D:2:      layout_rooms
D:3:      layout_basic, lemuel_round_altar, uniq_sigmund, uniq_jessica
D:4:      layout_cave_pods, kennysheep_mini_moat, corexii_shack
D:5:      layout_gridville, kennysheep_mini
D:6:      layout_basic, hangedman_ru_absence, nicolae_gozag_zags_fifth_avenue,
          serial_rivers, chequers_serial_rivers_room_b,
          chequers_serial_rivers_small_b, chequers_serial_rivers_micro_e,
          chequers_serial_rivers_small_3, chequers_serial_rivers_large_b,
          serial_shops, shop_statue, uniq_menkaure, uniq_pikel
D:7:      layout_cave_pools, xom_confusion_cloud,
          nicolae_overflow_crystal_walls, minmay_temple_entry_glassed_door,
          serial_shops, shop, kennysheep_potato
D:8:      wander_guarded_unrand_ratskin, layout_loops_cross,
          lemuel_mausoleum_altar_kikubaaqudgha, okawaru_gym_becter, uniq_psyche,
          uniq_prince_ribbit1, uniq_grum
D:9:      layout_rooms, nemelex_xobeh_ov_fountains_minmay, serial_shops,
          nicolae_shop_behind_doors
D:10:     layout_long_grid, due_lair_maze_entry_diamond, serial_shops,
          shop_scrolls, minmay_statue_bubble
Lair:1:   wad_woods_minihive, layout_cave_pods
Lair:2:   layout_chaotic_city, minmay_swamp_entry_reptiles, lemuel_fruit_tree,
          grunt_megastairs_4

Skill      XL: |  1  2  3  4  5  6  7  8  9 10 11 |
---------------+----------------------------------+-----
Fighting       | 11 12 | 12.1
Invocations    | 1 2 3 4 5 6 7 |  7.3
Short Blades   | 1 2 3 4 5 6 |  6.7
Long Blades    | 1 2 3 4 5 6 |  6.7
Maces & Flails | 1 2 3 4 5 6 |  6.7
Polearms       | 1 2 3 4 5 6 |  6.7
Staves         | 1 2 3 4 5 6 |  6.7
Slings         | 1 2 3 4 5 6 |  6.7
Bows           | 1 2 3 4 5 6 |  6.7
Crossbows      | 1 2 3 4 5 6 |  6.7
Dodging        | 1 2 3 4 5 6 |  6.7
Stealth        | 1 2 3 4 5 6 |  6.7
Shields        | 1 2 3 4 5 6 |  6.7
Unarmed Combat | 1 2 3 4 5 6 |  6.7
Spellcasting   | 1 2 3 4 5 6 |  6.7
Evocations     | 1 2 3 4 5 6 |  6.7
Conjurations   | 1 2 3 4 5 |  5.5
Hexes          | 1 2 3 4 5 |  5.5
Summonings     | 1 2 3 4 5 |  5.5
Necromancy     | 1 2 3 4 5 |  5.5
Translocations | 1 2 3 4 5 |  5.5
Transmutations | 1 2 3 4 5 |  5.5
Fire Magic     | 1 2 3 4 5 |  5.5
Ice Magic      | 1 2 3 4 5 |  5.5
Air Magic      | 1 2 3 4 5 |  5.5
Earth Magic    | 1 2 3 4 5 |  5.5
Poison Magic   | 1 2 3 4 5 |  5.5
Axes           | 5 6 7 8 |  8.2
Throwing       | 5 6 7 8 |  8.2
Armour         | 3 4 5 6 7 |  7.2

Action                   |  1- 3 |  4- 6 |  7- 9 | 10-12 || total
-------------------------+-------+-------+-------+-------++-------
Melee: Hand axe          |    92 |    79 |       |       ||   171
       Bite              |    11 |    22 |    31 |    43 ||   107
       Punch             |     1 |       |       |       ||     1
       War axe           |       |    49 |   109 |       ||   158
       Flail             |       |       |   203 |   122 ||   325
       Broad axe         |       |       |       |   309 ||   309
Throw: Dart              |       |       |     7 |     1 ||     8
Invok: Wall of Briars    |       |       |       |     2 ||     2
  Use: Scroll            |       |       |     7 |     4 ||    11
 Stab: Sleeping          |     2 |     1 |     1 |     6 ||    10
       Distracted        |       |       |       |     2 ||     2
Armor: Leather armour    |    22 |    21 |       |       ||    43
       Ring mail         |       |    15 |    20 |       ||    35
       Scale mail        |       |       |    89 |   207 ||   296
Dodge: Dodged            |    58 |    75 |   154 |   357 ||   644
Block: Buckler           |       |    19 |    65 |   214 ||   298

Table legend: (Time is in decaauts)
 A = Elapsed time spent in this place.
 B = Non-inter-level travel time spent in this place.
 C = Inter-level travel time spent in this place.
 D = Time resting spent in this place.
 E = Time spent auto-exploring this place.
 F = Levels seen in this place.
 G = Mean time per level.
                   A        B        C        D        E       F      G
               +--------+--------+--------+--------+--------+-----+--------+
         Total |  14128 |  13741 |    387 |   2209 |   9302 |  12 | 1177.3 |
       Dungeon |  11881 |  11512 |    369 |   1912 |   7671 |  10 | 1188.1 |
          Lair |   2246 |   2229 |     17 |    297 |   1630 |   2 | 1123.0 |
               +--------+--------+--------+--------+--------+-----+--------+

Top non-repeatable levels by time:
     D:6: 1947 daAuts
  Lair:1: 1940 daAuts
     D:8: 1906 daAuts
    D:10: 1344 daAuts
     D:1: 1172 daAuts
     D:5: 1116 daAuts
     D:3: 1096 daAuts
     D:7: 1023 daAuts
     D:4: 894 daAuts
     D:9: 760 daAuts
     D:2: 621 daAuts
  Lair:2: 306 daAuts
